 Dungeon Crawl Stone Soup version 0.28-a0-863-g8cecda6153 (webtiles) character file.

Game seed: 15252484779566206805

46 mandarbmax the Skirmisher (level 3, -5/39 HPs)
             Began as an Ogre Gladiator on Nov 18, 2021.
             Splashed by a jelly's acid (10 damage)
             ... on level 2 of the Dungeon.
             The game lasted 00:01:37 (1673 turns).

mandarbmax the Skirmisher (Ogre Gladiator)          Turns: 1673, Time: 00:01:41

Health: -5/39      AC: -5    Str: 18    XL:     3   Next: 68%
Magic:  3/3        EV: 10    Int:  9    God:
Gold:   44         SH:  0    Dex: 11    Spells: 2/2 levels left

rFire   . . .      SeeInvis .   a - +0 quarterstaff
rCold   . . .      Faith    .   (shield currently unavailable)
rNeg    . . .      Spirit   .   b - +0 robe
rPois   .          Reflect  .   c - +0 hat
rElec   .          Harm     .   (no cloak)
rCorr   .          Rampage  .   (gloves unavailable)
Will    .....                   (boots unavailable)
Stlth   +.........              (no amulet)
HPRegen 0.13/turn               (no ring)
MPRegen 0.08/turn               (no ring)

@: corroded
A: large, unfitting armour, tough skin 1
a: no special abilities


You were on level 2 of the Dungeon.
You visited 1 branch of the dungeon, and saw 2 of its levels.

You collected 70 gold pieces.
You spent 26 gold pieces at shops.

Inventory:

Hand Weapons
 a - a +0 quarterstaff (weapon)
Missiles
 d - 3 throwing nets (quivered)
Armour
 b - a +0 robe (worn)
 c - a +0 hat (worn)
Potions
 e - 5 potions of curing
 f - a potion of might {unknown}
 h - a potion of lignification {unknown}


   Skills:
 + Level 3.9 Fighting
 + Level 3.7 Staves
 - Level 2.0 Throwing
 - Level 3.0 Dodging


You had 2 spell levels left.
You didn't know any spells.
Your spell library was empty.

Dungeon Overview and Level Annotations

Branches:
Dungeon (2/15)

Altars:

Shops:
D:1 ?[!(


Innate Abilities, Weirdness & Mutations

You are too large for most types of armour.
You have tough skin. (AC +1)


Message History

You see here 11 stones.
You see here a +0 short sword.
Found a stone staircase leading up.
A ball python and a jelly come into view.
Found a stone staircase leading down.
There are monsters nearby!
Found a tubular diamond ring.
The jelly quivers.
You hit the jelly but do no damage.
Your hands burn!
The ball python hisses angrily.
The jelly completely misses you.
You hit the jelly.
Your hands burn!
The jelly is lightly wounded.
The jelly barely misses you.
You hit the jelly. The acid corrodes you!
Your hands burn!
The jelly is moderately wounded.
The jelly hits you.
You are splashed with acid.
You barely miss the jelly.
The jelly is moderately wounded.
The jelly hits you.
You are splashed with acid!
* * * LOW HITPOINT WARNING * * *
You are too injured to fight recklessly!
You are too injured to fight recklessly!
You are too injured to fight recklessly!
You are too injured to fight recklessly!
You are too injured to fight recklessly!
You are too injured to fight recklessly!
You are too injured to fight recklessly!
You are too injured to fight recklessly!
You are too injured to fight recklessly!
You are too injured to fight recklessly!
The ball python bites you.
* * * LOW HITPOINT WARNING * * *
As you read the scroll labelled ITZOISTRAUJ, it crumbles to dust.
You assume a fearsome visage.
The ball python looks frightened!
The jelly resists with some effort.
It was a scroll of fear.
The jelly hits you.
* * * LOW HITPOINT WARNING * * *
The acid corrodes you!
You are splashed with acid!
You die...

######### #.......# #.#####(#
#.#####.# ####### #†#.....##
.=....# #.#......# ......#
#.######.# ......#
####.....##)#############......#
................@J.S..........>#
...#####.##.############.......#
... ####.##.## #......#.......#
...##........# #......#......##
.............# #......#...<#.#
.............####......#....# #
##.......##............#..###
#.......########......#...
#.......# #.#######.#


You could see a jelly and a ball python (fleeing).

Vanquished Creatures
  An adder (D:2)
  A worm (D:2)
  A dart slug (D:1)
  4 bats (D:2)
  4 endoplasms
  6 goblins
  3 hobgoblins
  2 quokkas
  A ball python (D:2)
  3 frilled lizards (D:1)
  A kobold (D:1)
  2 rats (D:1)
29 creatures vanquished.

Notes
Turn   | Place    | Note
-------+----------+-------------------------------------------
     0 | D:1      | mandarbmax the Ogre Gladiator began the quest for the Orb.
     0 | D:1      | Reached XP level 1. HP: 22/22 MP: 1/1
   152 | D:1      | Found Bihany Cocki's Armour Boutique.
   498 | D:1      | Reached XP level 2. HP: 26/31 MP: 2/2
   579 | D:1      | Found a faded altar of an unknown god.
   590 | D:1      | Found Ruuqin's Distillery.
   590 | D:1      | Found Wuost's Antique Weapon Shoppe.
   650 | D:1      | Found Geyluloe's Magic Scroll Boutique.
   660 | D:1      | Bought a scroll of identify for 26 gold pieces
  1148 | D:2      | Reached XP level 3. HP: 34/37 MP: 3/3
  1673 | D:2      | Splashed by a jelly's acid

Illustrated notes

Levels and vault maps discovered:
D:1:      dpeg_cavernosity, layout_basic, serial_shops, nicolae_lakefront_shop,
          shop, nicolae_shop_crystal, shop, ebering_ecumenical_altar_petrified
D:2:      layout_basic, moated_statue

Skill      XL: |  1  2 |
---------------+-------+-----
Fighting       | 3 |  3.9
Dodging        | 3 |  3.0
Staves         | |  3.7
Throwing       | |  2.0

Action                   || total
-------------------------++-------
Melee: Quarterstaff      ||    83
  Use: Scroll            ||     2
 Stab: Sleeping          ||     1
Armor: Robe              ||    25
Dodge: Dodged            ||    34

Table legend: (Time is in decaauts)
 A = Elapsed time spent in this place.
 B = Non-inter-level travel time spent in this place.
 C = Inter-level travel time spent in this place.
 D = Time resting spent in this place.
 E = Time spent auto-exploring this place.
 F = Levels seen in this place.
 G = Mean time per level.
                   A        B        C        D        E       F      G
               +--------+--------+--------+--------+--------+-----+--------+
         Total |   1683 |   1639 |     44 |      3 |   1430 |   2 |  841.5 |
       Dungeon |   1683 |   1639 |     44 |      3 |   1430 |   2 |  841.5 |
               +--------+--------+--------+--------+--------+-----+--------+

Top non-repeatable levels by time:
     D:1: 1069 daAuts
     D:2: 614 daAuts
